 Dungeon Crawl Stone Soup version 0.26.1-11-gd32895ea62 (webtiles) character file.

Game seed: 16120155905361215301

728 Zeld the Cleaver (level 7, -1/57 HPs)
             Began as a Minotaur Berserker on May 24, 2021.
             Was a Priest of Trog.
             Slain by a worker ant (2 damage)
             ... on level 4 of the Dungeon.
             The game lasted 00:04:52 (4617 turns).

Zeld the Cleaver (Minotaur Berserker)               Turns: 4617, Time: 00:04:53

Health: -1/57      AC:  2    Str: 23    XL:     7   Next: 44%
Magic:  6/6        EV: 12    Int:  4    God:    Trog [***...]
Gold:   214        SH:  0    Dex: 10    Spells: 6/6 levels left

rFire    . . .     SeeInvis .   a - +0 hand axe
rCold    . . .     Faith    .   (no shield)
rNeg     . . .     Spirit   .   (no armour)
rPois    .         Reflect  .   (helmet restricted)
rElec    .         Harm     .   r - +0 cloak
rCorr    .         Rampage  .   j - +0 pair of gloves
Will     ++...                  (no boots)
Stlth    +.........             (no amulet)
HPRegen  1.19/turn              (no ring)
MPRegen  0.10/turn              (no ring)

@: lethally poisoned (-1 -> -1), berserk cooldown, regenerating, slowed, very
slow
A: retaliatory headbutt, horns 2
a: Renounce Religion, Berserk, Trog's Hand


You were on level 4 of the Dungeon.
You worshipped Trog.
Trog was most pleased with you.
You visited 1 branch of the dungeon, and saw 4 of its levels.
You also visited: Sewer.

You collected 214 gold pieces.

Inventory:

Hand Weapons
 a - a +0 hand axe (weapon)
Armour
 j - a +0 pair of gloves (worn)
 r - a +0 cloak (worn)
Jewellery
 m - a cursed amulet of inaccuracy {unknown}
 p - a +4 ring of evasion {unknown}
 s - an uncursed ring of protection from cold {unknown}
 w - an uncursed ring of ice {unknown}
Wands
 v - a wand of polymorph (9)
Scrolls
 c - a scroll of amnesia {unknown}
 d - a scroll of noise {unknown}
 f - 4 scrolls of identify {unknown}
 h - 4 scrolls of fear {unknown}
 k - 4 scrolls of teleportation {unknown}
 n - a scroll of random uselessness {unknown}
 o - 5 scrolls of remove curse {unknown}
 q - 2 scrolls of magic mapping {unknown}
Potions
 b - 4 potions of magic {unknown}
 e - 2 potions of lignification {unknown}
 g - 2 potions of resistance
 i - 4 potions of heal wounds {unknown}
 l - a potion of attraction {unknown}
 t - 4 potions of might {unknown}
 u - a potion of haste {unknown}
 x - 2 potions of curing {unknown}
 z - a potion of invisibility {unknown}


   Skills:
 - Level 3.6 Fighting
 * Level 10.5 Axes
 - Level 2.4 Armour
 - Level 2.1 Dodging


You had 6 spell levels left.
You didn't know any spells.
Your spell library was empty.

Dungeon Overview and Level Annotations

Branches:
Dungeon (4/15)              Sewer (visited)
 Temple: D:4-7

Altars:
Ashenzari
Elyvilon
Fedhas
Qazlal
Ru
Xom


Innate Abilities, Weirdness & Mutations

You reflexively headbutt those who attack you in melee.
You have a pair of horns on your head.


Message History

The worker ant completely misses you. You furiously retaliate!
You headbutt the worker ant! The orc hits you but does no damage.
The centaur hits you.
* * * LOW HITPOINT WARNING * * *
The worker ant bites you.
* * * LOW HITPOINT WARNING * * *
You are poisoned.
The worker ant poisons you!
Your skin crawls.
You feel strong-willed.
You can no longer call in reinforcements.
You feel sick. The centaur barely misses you.
The orc hits you with a +0 short sword.
* * * LOW HITPOINT WARNING * * *
The worker ant bites you!
* * * LOW HITPOINT WARNING * * *
You are more poisoned.
The worker ant poisons you! The centaur misses you. The orc closely misses you.
You furiously retaliate!
You headbutt the orc. The worker ant bites you.
You die...

##.#######....
#............. #
#####.##.#########
#.#.....##.#
#.#(######.#
##.#(#### #.#
#..()...# ..#
#....)..# ...
#...@...# ..P
#..Boc..##...
#.......#
#.......#
#.......#
#...w...#
.........
..........#


You could see a centaur, a worm, a worker ant and an orc.

Vanquished Creatures
  An ogre (D:4)
  2 scorpions (D:4)
  4 crimson imps (D:3)
  2 hounds (D:4)
  2 orc wizards (D:4)
  An iguana (D:4)
  2 worker ants (D:4)
  A hound skeleton (D:4)
  8 adders
  3 river rats (D:3)
  An adder skeleton (D:4)
  2 worms
  2 dart slugs
  5 leopard geckos
  2 orcs
  6 ball pythons
  8 giant cockroaches
  4 hobgoblins
  2 jackals (D:2)
  12 kobolds
  A quokka (D:2)
  11 bats
  5 frilled lizards
  6 goblins
  A quokka skeleton (D:4)
  12 rats
106 creatures vanquished.

Notes
Turn   | Place    | Note
-------+----------+-------------------------------------------
     0 | D:1      | Zeld the Minotaur Berserker began the quest for the Orb.
     0 | D:1      | Reached XP level 1. HP: 19/19 MP: 0/0
    35 | D:1      | Reached skill level 4 in Axes
    43 | D:1      | Reached XP level 2. HP: 26/26 MP: 1/1
   798 | D:1      | Found a broken altar of Ashenzari.
   920 | D:1      | Reached skill level 5 in Axes
  1139 | D:2      | Reached XP level 3. HP: 30/31 MP: 2/2
  1240 | D:2      | Reached ** piety under Trog
  1505 | D:2      | Reached skill level 6 in Axes
  1505 | D:2      | Reached XP level 4. HP: 32/39 MP: 3/3
  2000 | D:2      | Found a sacrificial altar of Ru.
  2371 | D:3      | Found a shimmering altar of Xom.
  2463 | D:3      | Reached XP level 5. HP: 45/45 MP: 4/4
  2465 | D:3      | Reached skill level 7 in Axes
  2532 | D:3      | Found a glowing drain.
  2537 | Sewer    | Entered a sewer
  2595 | Sewer    | Reached *** piety under Trog
  3087 | D:3      | Found a stormy altar of Qazlal.
  3090 | D:3      | Noticed a fire elemental
  3105 | D:3      | Noticed a water elemental
  3207 | D:3      | Noticed an air elemental
  3220 | D:3      | Reached skill level 8 in Axes
  3253 | D:3      | Found a blossoming altar of Fedhas.
  3253 | D:3      | Found a white marble altar of Elyvilon.
  3571 | D:3      | Reached XP level 6. HP: 46/51 MP: 5/5
  4134 | D:4      | Reached skill level 9 in Axes
  4344 | D:4      | Reached XP level 7. HP: 50/57 MP: 6/6
  4475 | D:4      | Reached skill level 10 in Axes
  4612 | D:4      | Reached **** piety under Trog
  4617 | D:4      | HP: 1/57 [worker ant (7)]
  4617 | D:4      | Slain by a worker ant

Illustrated notes

Levels and vault maps discovered:
D:1:      amcnicky_arrival_wind_blow, layout_rooms, evilmike_ruin_ashenzari
D:2:      layout_basic, nicolae_ru_the_path_less_chosen
D:3:      layout_loops_ring, led_xom_imps, nicolae_qazlal_style_of_elements,
          gammafunk_temple_overflow_wave, portal_sewer_entry_e
D:4:      layout_basic, yredelemnul_altar_generic

Skill      XL: |  1  2  3  4  5  6  7 |
---------------+----------------------+-----
Axes           | 4 5 6 8 9 10 | 10.5
Fighting       | |  3.6
Armour         | |  2.4
Dodging        | |  2.1

Action                   |  1- 3 |  4- 6 |  7- 9 || total
-------------------------+-------+-------+-------++-------
Melee: Hand axe          |    79 |   151 |    31 ||   261
       Headbutt          |    14 |    23 |     5 ||    42
Invok: Berserk           |     2 |     1 |     1 ||     4
       Trog's Hand       |       |       |     1 ||     1
Armor: Skin              |     8 |    20 |     4 ||    32
Dodge: Dodged            |    67 |    87 |    30 ||   184
